 Dungeon Crawl Stone Soup version 0.22-a0-284-g99d1f74 (webtiles) character file.

26354 PegasusDuck the Caregiver (level 13, -29/118 HPs)
             Began as a Hill Orc Monk on Mar 22, 2018.
             Was a Believer of Elyvilon.
             Annihilated by a reaper
             ... wielding a +0 scythe of freezing
              (42 damage)
             ... in an ice cave.
             The game lasted 00:58:18 (22174 turns).

PegasusDuck the Caregiver (Hill Orc Monk)          Turns: 22174, Time: 00:58:19

Health: -29/118    AC: 12    Str: 16    XL:     13   Next: 25%
Magic:  0/23       EV: 14    Int: 13    God:    Elyvilon [**....]
Gold:   409        SH:  0    Dex: 18    Spells: 12/12 levels left

rFire    . . .     SeeInvis .   b - +1 war axe (holy)
rCold    + . .     Gourm    .   (no shield)
rNeg     . . .     Faith    .   G - +1 ice dragon scales
rPois    .         Spirit   +   (no helmet)
rElec    .         Reflect  .   t - +1 cloak {MR+}
rCorr    .         Harm     .   (no gloves)
MR       +....                  (no boots)
Stlth    +.........             s - amulet of guardian spirit
HPRegen  0.29/turn              E - +5 ring of dexterity
MPRegen  0.18/turn              j - ring of fire

@: berserk cooldown, very slightly contaminated, hasted and slowed
A: no striking features
a: Lesser Healing, Heal Other, Divine Protection, Renounce Religion


You were in an ice cave.
You worshipped Elyvilon.
Elyvilon was pleased with you.
You were not hungry.

You visited 3 branches of the dungeon, and saw 16 of its levels.
You also visited: Sewer and Ice Cave.

You collected 694 gold pieces.
You spent 285 gold pieces at shops.

Inventory:

Hand Weapons
 a - a +4 long sword
 b - a +1 war axe of holy wrath (weapon)
 h - a +0 great sword of freezing
Missiles
 r - 2 throwing nets
 z - 2 javelins
 D - 9 tomahawks (quivered)
Armour
 f - a +0 ring mail
 t - a +1 cloak of magic resistance (worn)
 G - +1 ice dragon scales (worn)
Jewellery
 j - a ring of fire (right hand)
 k - an uncursed ring of stealth
 m - an uncursed ring of resist corrosion
 s - an amulet of guardian spirit (around neck)
 E - a +5 ring of dexterity (left hand)
 H - a cursed ring of stealth
Wands
 u - a wand of polymorph (13)
 F - a wand of paralysis (14)
Scrolls
 x - a scroll of remove curse
 y - a scroll of amnesia
 K - 2 scrolls of fog
Potions
 d - a potion of flight
 e - 6 potions of brilliance
 g - 7 potions of curing
 l - a potion of ambrosia
 q - a potion of magic
 C - 5 potions of might
 I - a potion of cancellation {unknown}
Comestibles
 c - 12 rations


   Skills:
 - Level 12.2 Fighting
 - Level 11.0 Long Blades
 - Level 1.9 Axes
 - Level 9.1 Throwing
 - Level 1.0 Armour
 - Level 8.9 Dodging
 - Level 3.2 Stealth
 + Level 13.7 Invocations


You had 12 spell levels left.
You didn't know any spells.

Dungeon Overview and Level Annotations

Branches:
Dungeon (12/15)            Temple (1/1) D:7            Lair (3/6) D:8
    Orc (0/2) D:10
  Swamp: Lair:2-4    Shoals: Lair:2-4     Snake: Lair:2-4    Spider: Lair:2-4

Altars:
Ashenzari
Cheibriados
Dithmenos
Elyvilon
Fedhas
Gozag
Hepliaklqana
Kikubaaqudgha
Makhleb
Nemelex Xobeh
Okawaru
Qazlal
Ru
Sif Muna
Trog
Uskayaw
Vehumet
Wu Jian
Xom
Yredelemnul
Zin
The Shining One

Shops:
D:9 *

Annotations:
D:6 PegasusDuck's ghost, novice HuCj
D:10 kidcy's ghost, novice DsGl


Message History

Okay, then.
You are engulfed in freezing vapours.
You resist.
* * * LOW HITPOINT WARNING * * *
Blink to where?
Press: ? - help, Dir - move target cursor
As you read the scroll of blinking, it crumbles to dust.
The reaper is engulfed in freezing vapours.
The reaper is engulfed in freezing vapours.
The reaper is engulfed in freezing vapours.
The reaper hits you from afar with a scythe of freezing!!!
Elyvilon protects you from harm! The reaper freezes you!
* * * LOW HITPOINT WARNING * * *
Press: ? - help, v - describe, . - travel
Here: a reaper, wielding a scythe of freezing (severely wounded)
The floor.
Okay, then.
You feel yourself speed up.
The reaper hits you from afar with a scythe of freezing!!!
You die...

#### ....# ##..##
..... ##....# .....#
##..#.2## ......
#...###.##
..§..§###.2####.@#
#§..§§#§.##).#..##
§##§.§§§§##...##..#
§§###§§§§##....#..##
§§§§#§≈.###....##..#
§§§§#§§§# ##....#..#
#§§§#§..# ##.#.##..#
§§§§.§§.# #..###...#
§§§..#..# #...##..##


You could see a reaper.

Vanquished Creatures
  3 two-headed ogres
  An ugly thing (D:10)
  Pikel (D:5)
  A manticore (D:11)
  2 ice statues (IceCv)
  Psyche (D:9)
  3 spiny frogs
  A komodo dragon (Lair:2)
  4 ice devils (IceCv)
  6 trolls
  3 blink frogs (Lair:2)
  A hippogriff (D:8)
  2 wyverns (D:11)
  12 yaks
  A basilisk (Lair:2)
  2 hungry ghosts (D:10)
  6 water moccasins
  2 hell hounds (D:8)
  3 porcupines
  2 sky beasts
  3 phantoms
  6 orc warriors
  A slave (D:5)
  A necrophage (D:11)
  4 ice beasts
  A black bear (D:8)
  15 wolves
  7 ogres
  7 centaurs
  2 crocodiles (D:10)
  3 big kobolds (Sewer)
  11 bullfrogs
  2 scorpions
  A troll zombie (D:10)
  10 killer bees
  17 wights
  3 howler monkeys
  2 crimson imps (D:8)
  2 centaur zombies
  A centaur skeleton (D:10)
  2 jellies
  Crazy Yiuf (D:3)
  A bullfrog zombie (D:8)
  9 orc priests
  2 hounds
  An iron imp (D:2)
  2 bullfrog skeletons (D:10)
  Jessica (D:3)
  Natasha (twice) (D:2)
  2 iguanas
  13 orc wizards
  7 worker ants
  7 ogre zombies (D:10)
  3 hound skeletons
  A worker ant zombie (D:10)
  12 gnolls
  A howler monkey skeleton (D:11)
  14 adders
  8 river rats (Sewer)
  6 shadow imps
  8 white imps (IceCv)
  2 oozes (Sewer)
  6 ufetubi (IceCv)
  2 adder skeletons
  3 worms
  A dart slug (D:2)
  3 leopard geckos
  48 orcs
  8 ball pythons
  7 bats
  6 giant cockroaches
  8 goblins
  6 hobgoblins
  6 jackals
  19 kobolds
  2 quokkas
  9 frilled lizards
  A goblin skeleton (D:10)
  2 goblin zombies (D:10)
  A hobgoblin skeleton (D:10)
  A hobgoblin zombie (D:10)
  A jackal skeleton (D:7)
  An orc skeleton (D:10)
  18 orc zombies (D:10)
  A quokka zombie (D:9)
  25 rats
446 creatures vanquished.

Vanquished Creatures (others)
  5 white imps (IceCv)
  An ufetubus (IceCv)
  5 fungi
  2 plants (Lair:2)
13 creatures vanquished.

Grand Total: 459 creatures vanquished

Notes
Turn   | Place    | Note
-------+----------+-------------------------------------------
     0 | D:1      | PegasusDuck the Hill Orc Monk began the quest for the Orb.
     0 | D:1      | Reached XP level 1. HP: 19/19 MP: 1/1
   179 | D:1      | Reached XP level 2. HP: 27/27 MP: 2/2
   494 | D:1      | Reached XP level 3. HP: 27/33 MP: 3/3
  1284 | D:2      | Reached XP level 4. HP: 40/40 MP: 4/4
  1334 | D:2      | Noticed Natasha
  1345 | D:2      | Killed Natasha
  1345 | D:2      | Reached skill level 1 in Axes
  1345 | D:2      | Reached skill level 1 in Throwing
  1517 | D:2      | Found a burning altar of Makhleb.
  1522 | D:2      | Reached XP level 5. HP: 39/47 MP: 5/5
  1990 | D:2      | Noticed Natasha
  1998 | D:2      | Killed Natasha
  2229 | D:3      | Reached XP level 6. HP: 33/55 MP: 6/6
  2356 | D:3      | Reached skill level 5 in Fighting
  2394 | D:3      | Noticed Jessica
  2404 | D:3      | Killed Jessica
  2467 | D:3      | Found a runed door.
  2471 | D:3      | Noticed Crazy Yiuf
  2492 | D:3      | Killed Crazy Yiuf
  2587 | D:4      | Reached XP level 7. HP: 41/61 MP: 7/7
  2953 | D:4      | Found a hazy altar of Hepliaklqana.
  3010 | D:4      | Found a shimmering altar of Xom.
  3296 | D:4      | Found a sparkling altar of Nemelex Xobeh.
  3479 | D:5      | Entered Level 5 of the Dungeon
  3631 | D:5      | Reached skill level 5 in Long Blades
  3638 | D:5      | Reached XP level 8. HP: 54/70 MP: 8/8
  3685 | D:5      | Found a glowing drain.
  3694 | Sewer    | Entered a sewer
  4863 | D:5      | Noticed Pikel
  4871 | D:5      | Killed Pikel
  4871 | D:5      | Reached skill level 5 in Dodging
  4871 | D:5      | Reached XP level 9. HP: 70/79 MP: 9/9
  5074 | D:5      | Found a glowing silver altar of Zin.
  5412 | D:6      | Noticed PegasusDuck's ghost (novice HuCj)
  5413 | D:6      | Reached skill level 10 in Fighting
  5413 | D:6      | Reached XP level 10. HP: 92/94 MP: 10/10
  5414 | D:6      | Reached skill level 10 in Long Blades
  5414 | D:6      | Reached XP level 11. HP: 100/102 MP: 11/11
  6444 | D:7      | Found an ornate altar of the Wu Jian Council.
  6578 | D:7      | Found a staircase to the Ecumenical Temple.
  6600 | Temple   | Entered the Ecumenical Temple
  8126 | D:8      | Found a shattered altar of Ashenzari.
  8593 | D:8      | Found a staircase to the Lair.
  8645 | D:8      | Noticed a two-headed ogre
  8649 | D:8      | Killed a two-headed ogre
  9612 | D:8      | Found a stormy altar of Qazlal.
  9795 | D:6      | HP: 5/104 [PegasusDuck's ghost/magic dart (9)]
 10168 | D:9      | Noticed Psyche
 10177 | D:9      | Killed Psyche
 11169 | D:9      | Found Ocemm's Assorted Antiques.
 11173 | D:9      | Bought a scroll of blinking for 285 gold pieces
 11308 | D:9      | Reached skill level 1 in Armour
 11407 | D:9      | Found an opulent altar of Gozag.
 11407 | D:9      | Found a white marble altar of Elyvilon.
 11476 | D:9      | Became a worshipper of Elyvilon the Healer
 11476 | D:9      | Reached * piety under Elyvilon
 11476 | D:9      | Reached ** piety under Elyvilon
 11527 | D:10     | Entered Level 10 of the Dungeon
 11543 | D:10     | Noticed a two-headed ogre
 11551 | D:10     | Killed a two-headed ogre
 11551 | D:10     | Reached skill level 3 in Invocations
 11551 | D:10     | Reached XP level 12. HP: 112/112 MP: 11/14
 11771 | D:10     | Noticed kidcy's ghost (novice DsGl)
 12214 | D:10     | Found a sacrificial altar of Ru.
 12226 | D:10     | Reached skill level 4 in Invocations
 12688 | D:10     | Found a staircase to the Orcish Mines.
 12709 | D:10     | Reached skill level 5 in Invocations
 13041 | D:10     | Noticed a two-headed ogre
 13053 | D:10     | Killed a two-headed ogre
 13053 | D:10     | Reached skill level 6 in Invocations
 13430 | D:11     | Reached skill level 7 in Invocations
 14124 | D:11     | Reached skill level 8 in Invocations
 15432 | D:11     | Reached skill level 9 in Invocations
 15658 | D:11     | Noticed a seven-headed hydra
 16202 | D:11     | Reached skill level 10 in Invocations
 16613 | Lair:1   | Entered Level 1 of the Lair of Beasts
 16721 | Lair:1   | Reached skill level 11 in Invocations
 18024 | Lair:2   | Reached skill level 12 in Invocations
 18330 | Lair:2   | Reached XP level 13. HP: 58/118 MP: 7/22
 18568 | Lair:2   | Was placed under penance by Elyvilon
 19517 | Lair:2   | Reached skill level 13 in Invocations
 20160 | Lair:3   | Was forgiven by Elyvilon
 20625 | Lair:3   | Found a frozen archway.
 20634 | IceCv    | Entered an ice cave
 22137 | IceCv    | Noticed a reaper
 22172 | IceCv    | Elyvilon protects you from harm!
 22174 | IceCv    | Annihilated by a reaper

Vault maps used:
D:1:      minmay_arrival_plants_in_alcoves
D:2:      makhleb_grotto_becter, first_ration, uniq_natasha
D:3:      uniq_jessica, uniq_crazy_yiuf_cottage
D:4:      kennysheep_mini_moat, marbit_many_paths, abandoned_shop,
          xom_teletrap_fun
D:5:      lemuel_round_altar, cheibrodos_sewer_entry_drain, minmay_misc_feat_x,
          dk_noncrumbling_4, uniq_pikel
D:6:      nicolae_overflow_hidden_temple
D:7:      overflow_temple_1_default, minmay_temple_entry_junction,
          grunt_ogre_cave
D:8:      lemuel_round_altar, nicolae_qazlal_style_of_elements,
          minmay_lair_entry_lava, serial_glass, glass_columns_b, glass_columns_a
D:9:      gammafunk_temple_overflow_elements, serial_shops, nicolae_shop_stone,
          uniq_psyche
D:10:     zombieorc2_lemuel, basic_altar, minivault_1
D:12:     kennysheep_cross_room
Temple:   minmay_temple_bridge_abc
Lair:1:   st_stairs_11
Lair:2:   grunt_megastairs_4
Lair:3:   portal_ice_cave_demonic_guard
Sewer:    sewer_minmay_treatment
IceCv:    ice_cave_small_demon

Skill      XL: |  1  2  3  4  5  6  7  8  9 10 11 12 13 |
---------------+----------------------------------------+-----
Fighting       | 4 5 6 7 10 11 12 | 12.2
Stealth        | 2 3 |  3.2
Axes           | 1 |  1.9
Throwing       | 1 2 3 4 7 8 9 |  9.1
Dodging        | 3 4 5 7 8 |  8.9
Long Blades    | 4 5 6 9 10 11 | 11.0
Armour         | 1 |  1.0
Invocations    | 3 12 13 | 13.7

Action                   |  1- 3 |  4- 6 |  7- 9 | 10-12 | 13-15 || total
-------------------------+-------+-------+-------+-------+-------++-------
Melee: Falchion          |   103 |    89 |   295 |   451 |       ||   938
       War axe           |     6 |    39 |    13 |   292 |    56 ||   406
       Long sword        |       |       |       |   210 |   251 ||   461
       Scimitar          |       |       |       |   160 |       ||   160
       Morningstar       |       |       |       |    85 |       ||    85
Throw: Javelin           |       |       |     3 |    41 |     7 ||    51
       Throwing net      |       |       |       |     4 |       ||     4
       Tomahawk          |       |       |       |       |     7 ||     7
Invok: Lesser Healing    |       |       |       |    39 |    12 ||    51
       Heal Other        |       |       |       |     6 |       ||     6
       Divine Protection |       |       |       |     3 |     1 ||     4
Evoke: Wand              |       |       |       |    11 |       ||    11
  Use: Scroll            |     5 |     4 |     2 |    20 |     8 ||    39
       Potion            |       |       |     1 |    18 |     4 ||    23
 Stab: Distracted        |       |     1 |       |     3 |       ||     4
       Sleeping          |       |       |    12 |     5 |       ||    17
       Held in net/web   |       |       |       |     2 |       ||     2
       Invisible         |       |       |       |       |     1 ||     1
  Eat: Chunk             |       |     6 |     8 |    26 |     5 ||    45
       Ration            |       |       |       |     9 |     3 ||    12
Armor: Ring mail         |    53 |    26 |   119 |   125 |       ||   323
       Ice dragon scales |       |       |       |   297 |   110 ||   407
       Skin              |       |       |       |    26 |       ||    26
Dodge: Dodged            |    82 |    85 |   194 |   909 |   219 ||  1489
       Rpst.: Falchion   |    25 |    19 |    69 |    81 |       ||   194
       Long sword        |       |       |       |    39 |    56 ||    95
       Scimitar          |       |       |       |    24 |       ||    24

Table legend:
 A = Spawn XP
 B = Non-spawn XP
 C = Spawn XP percentage of total XP
 D = Spawn monster count
 E = Non-spawn monster count
 F = Spawn count percentage of total count
 G = Total turns spent on level
                    A         B        C        D         E        F      G
               +---------+---------+-------+---------+---------+-------+---------
         Total |       0 |   29374 |   0.0 |       0 |     445 |   0.0 | 22174
               +---------+---------+-------+---------+---------+-------+---------
           D:1 |       0 |      56 |   0.0 |       0 |      27 |   0.0 |   911
           D:2 |       0 |     159 |   0.0 |       0 |      23 |   0.0 |   898
           D:3 |       0 |     308 |   0.0 |       0 |      27 |   0.0 |   723
           D:4 |       0 |     443 |   0.0 |       0 |      17 |   0.0 |   947
           D:5 |       0 |    1079 |   0.0 |       0 |      15 |   0.0 |   944
           D:6 |       0 |     406 |   0.0 |       0 |       8 |   0.0 |   881
           D:7 |       0 |    1426 |   0.0 |       0 |      38 |   0.0 |  2263
           D:8 |       0 |    3850 |   0.0 |       0 |      45 |   0.0 |  1842
           D:9 |       0 |    1797 |   0.0 |       0 |      29 |   0.0 |  1640
          D:10 |       0 |    4605 |   0.0 |       0 |      66 |   0.0 |  2227
          D:11 |       0 |    3459 |   0.0 |       0 |      35 |   0.0 |  2253
          D:12 |       0 |     779 |   0.0 |       0 |       2 |   0.0 |   174
        Lair:1 |       0 |    2961 |   0.0 |       0 |      16 |   0.0 |  1269
        Lair:2 |       0 |    5218 |   0.0 |       0 |      29 |   0.0 |  2650
         Sewer |       0 |     473 |   0.0 |       0 |      48 |   0.0 |   828
         IceCv |       0 |    2355 |   0.0 |       0 |      20 |   0.0 |  1540
               +---------+---------+-------+---------+---------+-------+---------
